 Dungeon Crawl Stone Soup version 0.31-a0-986-g5e6e4ef867 (webtiles) character file.

Game seed: 8123702738882155875

36 LeprechaunX the Changeling (level 3, -6/23 (24) HPs)
             Began as an Octopode Shapeshifter on Nov 8, 2023.
             Mangled by Terence
             ... wielding a +0 trident
              (8 damage)
             ... on level 2 of the Dungeon.
             The game lasted 00:01:04 (1010 turns).

LeprechaunX the Changeling (Octopode Shapeshifter)  Turns: 1010, Time: 00:01:05

HP:   -6/23 (24)    AC:  1    Str: 13    XL:     3   Next: 37%
MP:   3/3           EV: 13    Int: 12    God:
Gold: 21            SH:  0    Dex: 13    Spells: 2/2 levels left

rFire   + .          .
                       - Unarmed
rCold   . . .        (no shield)
rNeg    . . .        (helmet currently unavailable)
rPois   .            (no amulet)
rElec   .            g - ring of protection from fire
rCorr   .            (no ring)
SInv    .            (no ring)
Will    .....        (no ring)
Stlth   ++           (no ring)
HPRegen 0.23/turn    (no ring)
MPRegen 0.08/turn    (no ring)
                     (no ring)

%: no passive effects
@: beast-form, lightly drained
A: beast (slay +2), almost no armour, amphibious, 8 rings, camouflage 1,
gelatinous body 1, (nimble swimmer 1), tentacles
a: Begin Untransformation


You were on level 2 of the Dungeon.
You were a hulking beast.
You visited 1 branch of the dungeon, and saw 2 of its levels.

You collected 21 gold pieces.

Inventory:

Hand Weapons
 a - a +0 sling
Missiles
 n - 5 javelins
Jewellery
 g - a ring of protection from fire (left tentacle)
Talismans
 b - a beast talisman
 c - a flux talisman
Scrolls
 d - a scroll of teleportation {unknown}
 h - a scroll of immolation {unknown}
 i - a scroll of revelation {unknown}
 j - a scroll of identify {unknown}
 o - a scroll of fear {unknown}
Potions
 e - a potion of lignification
 f - a potion of might {unknown}
 k - a potion of curing {unknown}
 l - a potion of heal wounds {unknown}
 m - a potion of mutation {unknown}


   Skills:
 + Level 1.7 Fighting
 + Level 0.3 Throwing
 - Level 2.0 Dodging
 + Level 3.3 Unarmed Combat
 * Level 3.5 Shapeshifting


You had 2 spell levels left.
You didn't know any spells.
Your spell library was empty.

Dungeon Overview and Level Annotations

Branches:
Dungeon (2/15)

Altars:

Annotations:
D:2 Terence


Innate Abilities, Weirdness & Mutations

You are a hulking beast.
Your limbs bulge with bestial killing power. (Slay +2)
You cannot wear most types of armour.
You are amphibious.
You can wear up to eight rings at the same time.
Your skin changes colour to match your surroundings (Stealth+).
Your rubbery body absorbs attacks. (AC +1, EV +1)
((You are camouflaged when in or above water. (Stealth+)))
You have tentacles for arms and can constrict up to eight enemies at once.


Message History

Things that are here:
a +0 whip; 4 stones A kobold comes into view.
It is wielding a +0 dagger.
A kobold is nearby!
A kobold is nearby!
A kobold is nearby!
The kobold shouts!
Terence the Incautious comes into view.
He is wielding a +0 trident.
Terence shouts!
The kobold completely misses you.
You miss the kobold. Your grab misses the kobold.
Your squeeze misses the kobold. The kobold hits you with a +0 dagger.
You barely miss the kobold. You grab the kobold. You constrict the kobold.
The kobold hits you with a +0 dagger.
You completely miss the kobold.
The kobold is moderately wounded.
You constrict the kobold. The kobold closely misses you.
You tentacle-slap the kobold.
The kobold is severely wounded.
You constrict the kobold.
You kill the kobold!
Terence hits you from afar with a +0 trident.
You are too injured to fight recklessly!
You are too injured to fight recklessly!
You are too injured to fight recklessly!
You are too injured to fight recklessly!
You are too injured to fight recklessly!
You are too injured to fight recklessly!
You are too injured to fight recklessly!
Terence is nearby!
Terence is nearby!
Unknown command.
Terence hits you with a +0 trident!
* * * LOW HITPOINT WARNING * * *
You see here a +0 dagger.
You tentacle-slap Terence. You grab Terence.
You squeeze Terence, but do no damage.
Terence is moderately wounded.
You constrict Terence. Terence hits you with a +0 trident!
You die...

#. #####. ...... ####
......# #..#### .......
#.....# ....... #####.##.#
.......##.....##.#
#@h..###.##.# #######
###### #.##)# #.....# #####
####.##### #.###.# #...#
#.....# ..# #.#
#.#.#############.# ###
#.#######.#...........# #.#
###
#..†......###########.###.#
..# ########### #.....# #.#
... #######


You could see Terence.

Vanquished Creatures
  3 dart slugs (D:1)
  3 endoplasms (D:1)
  2 goblins (D:1)
  2 hobgoblins (D:1)
  A quokka (D:1)
  4 ball pythons
  3 bats (D:1)
  2 frilled lizards (D:1)
  7 kobolds
  2 rats (D:1)
29 creatures vanquished.

Notes
Turn   | Place    | Note
-------+----------+-------------------------------------------
     0 | D:1      | LeprechaunX the Octopode Shapeshifter began the quest for
                  | the Orb.
     0 | D:1      | Reached XP level 1. HP: 13/13 MP: 1/1
   123 | D:1      | Reached XP level 2. HP: 17/18 MP: 2/2
   549 | D:1      | Reached XP level 3. HP: 23/23 MP: 3/3
  1004 | D:2      | Noticed Terence
  1009 | D:2      | HP: 1/23 [Terence/+0 trident (10)]
  1010 | D:2      | Mangled by Terence

Illustrated notes

Levels and vault maps discovered:
D:1:      dpeg_chamrin_arrival_tetris, layout_loops_ring, nicolae_the_louvre
D:2:      layout_basic, uniq_terence

Action                     || total
---------------------------++-------
  Melee: Unarmed           ||    58
         Constrict         ||    17
         Punch             ||     4
         Tentacles         ||     8
   Stab: Sleeping          ||     3
 Armour: Skin              ||    16
  Dodge: Dodged            ||    33

Table legend: (Time is in decaauts)
 A = Elapsed time spent in this place.
 B = Non-inter-level travel time spent in this place.
 C = Inter-level travel time spent in this place.
 D = Time resting spent in this place.
 E = Time spent auto-exploring this place.
 F = Levels seen in this place.
 G = Mean time per level.
                   A        B        C        D        E       F      G
               +--------+--------+--------+--------+--------+-----+--------+
         Total |   1005 |    968 |     37 |      0 |    785 |   2 |  502.5 |
       Dungeon |   1005 |    968 |     37 |      0 |    785 |   2 |  502.5 |
               +--------+--------+--------+--------+--------+-----+--------+

Top non-repeatable levels by time:
     D:1: 912 daAuts
     D:2: 93 daAuts
